 Dungeon Crawl Stone Soup version 0.32-a0-643-ga006e7742e (webtiles) character file.

Game seed: 17715908488359035696

23 cforsyth the Grave Robber (level 2, -1/24 HPs)
             Began as a Mountain Dwarf Necromancer on Mar 7, 2024.
             Slain by Sigmund
             ... wielding a +2 scythe of venom
              (3 damage)
             ... on level 2 of the Dungeon.
             The game lasted 00:01:04 (906 turns).

cforsyth the Grave Robber (MDNe)                     Turns: 906, Time: 00:01:05

Health: -1/24      AC:  2    Str: 10    XL:     2   Next: 72%
Magic:  10/13      EV: 11    Int: 15    God:
Gold:   63         SH:  0    Dex: 10    Spells: 3/4 levels left

rFire   . . .        c - +1 short sword (holy)
rCold   . . .        (no shield)
rNeg    . . .        a - +0 robe
rPois   .            (no helmet)
rElec   .            (no cloak)
rCorr   .            (no gloves)
SInv    .            (no boots)
Will    .....        (no amulet)
Stlth   ++           M - ring of magical power
HPRegen 0.24/turn    (no ring)
MPRegen 0.13/turn

%: no passive effects
@: lethally poisoned (-1 -> -6)
A: runic magic, artefact enchanting
a: no special abilities


You were on level 2 of the Dungeon.
You visited 1 branch of the dungeon, and saw 2 of its levels.

You collected 63 gold pieces.


Innate Abilities, Weirdness & Mutations

Your spellcasting is much less encumbered by armour.
You can use scrolls of enchantment on lesser artefacts.


   Skills:
 + Level 1.8 Fighting
 - Level 1.3 Dodging
 - Level 1.4 Stealth
 - Level 1.7 Spellcasting
 + Level 4.9 Necromancy


You had 3 spell levels left.
You knew the following spells:

 Your Spells              Type           Power      Damage    Failure   Level
X - Necrotise             Necr           64%        1d7       3%          1

Your spell library contained the following spells:

 Spells                   Type           Power      Damage    Failure   Level
 Vampiric Draining        Necr           16%        2d7       9%          3
 Inner Flame              Hex/Fire       1%         N/A       56%         3
 Animate Dead             Necr           16%        N/A       30%         4
 Curse of Agony           Necr           16%        N/A       63%         5
 Flame Wave               Conj/Fire      1%         2d4       92%         4
 Sticky Flame             Fire/Alch      1%         2d4       92%         4

Inventory:

Hand Weapons
 c - a +1 short sword of holy wrath (weapon)
Armour
 a - a +0 robe (worn)
Jewellery
 M - a ring of magical power (left hand)
Scrolls
 d - a scroll of teleportation {unknown}
 e - a scroll of identify {unknown}
 f - a scroll of blinking {unknown}
 g - a scroll of acquirement {unknown}
 h - a scroll of noise {unknown}
 j - a scroll of enchant armour {unknown}
Potions
 b - a potion of magic
 i - a potion of degeneration {unknown}

Dungeon Overview and Level Annotations

Branches:
Dungeon (2/15)

Altars:

Shops:
D:1 :

Annotations:
D:2 Sigmund

#.....)........#
#$....##.......#
#......##.......#
#.......##.......#####
#.#.....##...........#
#......###.......###.#
.....@.# ##.#......#
#......# #.#.####.#
#......# #.#.#.@#.#
#.#.#.##.# #.#.#@##.#
#.#.#....# #.#.######
#.#.. ###


You could see Sigmund.


Message History

The goblin barely resists.
The goblin barely resists.
The goblin writhes in agony.
You kill the goblin!
Your goblin skeleton crumbles into dust!
You see here a +0 dagger.
j - a scroll labelled YGGET MUIJOARAD Sigmund the Dreaded comes into view.
He is wielding a +2 scythe of venom.
Sigmund shouts!
Sigmund points at you and mumbles some strange words.
The magic dart hits you!
You see here a +0 dagger.
There is a stone staircase leading up here.
You start resting.
Sigmund is nearby!
Sigmund writhes in agony.
Sigmund hits you but does no damage.
You are poisoned.
Sigmund writhes in agony!
You feel very sick.
Sigmund writhes in agony.
You feel sick. Sigmund casts a spell at you. The magic dart hits you!
* * * LOW HITPOINT WARNING * * *
You are too injured to fight recklessly!
You are too injured to fight recklessly!
* * * LOW HITPOINT WARNING * * *
You feel sick.
Sigmund hits you from afar with a +2 scythe of venom.
You die...
Sigmund begins carving another notch in his scythe.

Skill      XL: |  1 |
---------------+----+-----
Fighting       | 1 |  1.8
Dodging        | |  1.3
Stealth        | |  1.4
Spellcasting   | |  1.7
Necromancy     | |  4.9

Action                     || total
---------------------------++-------
   Cast: Necrotise         ||    47
 Armour: Robe              ||    11
  Dodge: Dodged            ||     3

Levels and vault maps discovered:
D:1:      dpeg_arrival_triangle_fractal, layout_rooms, serial_shops, shop
D:2:      layout_basic, kennysheep_generic_room_4, uniq_sigmund

Notes
Turn   | Place    | Note
-------+----------+-------------------------------------------
     0 | D:1      | cforsyth the Mountain Dwarf Necromancer began the quest for
                  | the Orb.
     0 | D:1      | Reached XP level 1. HP: 14/14 MP: 3/3
   221 | D:1      | Reached skill level 1 in Fighting
   232 | D:1      | Reached XP level 2. HP: 23/23 MP: 4/4
   368 | D:1      | Found Lotib's Book Shoppe.
   877 | D:2      | Noticed Sigmund
   906 | D:2      | HP: 2/24 [poisoned by Sigmund]
   906 | D:2      | Slain by Sigmund

Vanquished Creatures
  An endoplasm (D:1)
  A giant cockroach (D:1)
  4 goblins
  2 hobgoblins (D:1)
  A quokka (D:1)
  6 ball pythons (D:1)
  A frilled lizard (D:2)
  A kobold (D:1)
  2 rats (D:1)
19 creatures vanquished.

Vanquished Creatures (collateral kills)
  An endoplasm (D:2)
  A goblin (D:1)
  A ball python (D:1)
3 creatures vanquished.

Grand Total: 22 creatures vanquished

Table legend: (Time is in decaauts)
 A = Elapsed time spent in this place.
 B = Non-inter-level travel time spent in this place.
 C = Inter-level travel time spent in this place.
 D = Time resting spent in this place.
 E = Time spent auto-exploring this place.
 F = Levels seen in this place.
 G = Mean time per level.
                   A        B        C        D        E       F      G
               +--------+--------+--------+--------+--------+-----+--------+
         Total |    904 |    882 |     22 |      6 |    732 |   2 |  452.0 |
       Dungeon |    904 |    882 |     22 |      6 |    732 |   2 |  452.0 |
               +--------+--------+--------+--------+--------+-----+--------+

Top non-repeatable levels by time:
     D:1: 755 daAuts
     D:2: 149 daAuts

Table legend:
 A = Non-vault XP
 B = Vault XP
 C = Vault XP percentage of total XP
 D = Non-vault monster count
 E = Vault monster count
 F = Vault count percentage of total count
                 A         B        C        D         E       F
            +---------+---------+-------+---------+---------+-------
      Total |      33 |       0 |   0.0 |      22 |       0 |   0.0
            +---------+---------+-------+---------+---------+-------
        D:1 |      28 |       0 |   0.0 |      19 |       0 |   0.0
        D:2 |       5 |       0 |   0.0 |       3 |       0 |   0.0
            +---------+---------+-------+---------+---------+-------
